 Dungeon Crawl Stone Soup version 0.31.0-9-g3a7656b989 (webtiles) character file.

Game seed: 16613742001572032278

57 qw the Shooter (level 3, -1/18 HPs)
             Began as a Spriggan Hunter on Feb 2, 2024.
             Slain by an orc
             ... wielding a +0 mace
              (7 damage)
             ... on level 2 of the Dungeon.
             The game lasted 00:00:05 (1443 turns).

qw the Shooter (Spriggan Hunter)                    Turns: 1443, Time: 00:00:05

Health: -1/18      AC:  2    Str:  7    XL:     3   Next: 73%
Magic:  4/4        EV: 19    Int: 10    God:
Gold:   95         SH:  0    Dex: 20    Spells: 2/2 levels left

rFire   . . .        a - +0 shortbow
rCold   . . .        (shield currently unavailable)
rNeg    . . .        c - +0 robe
rPois   .            (helmet restricted)
rElec   .            (no cloak)
rCorr   .            (gloves unavailable)
SInv    +            (boots unavailable)
Will    .....        (no amulet)
Stlth   ++           (no ring)
HPRegen 0.23/turn    (no ring)
MPRegen 0.09/turn

%: no passive effects
@: very quick
A: very small, no large weapons, unfitting armour, see invisible, speed 3
a: no special abilities


You were on level 2 of the Dungeon.
You visited 1 branch of the dungeon, and saw 3 of its levels.

You collected 95 gold pieces.


Innate Abilities, Weirdness & Mutations

You are very small and have problems with some larger weapons.
You are too small for most types of armour.
You have supernaturally acute eyesight. (SInv)
You cover ground extremely quickly. (Speed+++)


   Skills:
 - Level 1.5 Fighting
 + Level 4.9 Ranged Weapons
 - Level 4.0 Dodging
 - Level 1.5 Stealth


You had 2 spell levels left.
You didn't know any spells.
Your spell library was empty.

Inventory:

Hand Weapons
 a - a +0 shortbow (weapon)
Armour
 c - a +0 robe (worn)
Potions
 b - a potion of attraction {unknown}
 d - a potion of cancellation {unknown}
 e - a potion of heal wounds

Dungeon Overview and Level Annotations

Branches:
Dungeon (3/15)

Altars:

Shops:
D:1 (   D:2 (


Message History

What level of the Dungeon? (default 2, ? - help)
There is a stone staircase leading down here.
You climb downwards.
There is a stone staircase leading up here.
There are monsters nearby!
Waypoint 2 assigned to D:3.
1429 ||| STAIRDANCE The orc shouts! x2; You hear a shout!
You hear an angry hiss.
You hear a shout!
The orc misses you. x2; The goblin closely misses you.
You hear a shout!
You climb upwards.
There is a stone staircase leading down here.
You shoot an arrow. The arrow closely misses the orc.
The orc closely misses you.
You shoot an arrow. The arrow hits the orc.
The orc is almost dead.
The orc hits you with a +0 whip.
You shoot an arrow. The arrow hits the orc.
You kill the orc!
You start resting.
HP restored.
You climb downwards.
The goblin closely misses you. The orc closely misses you.
The orc hits you but does no damage.
A frilled lizard comes into view.
There is a stone staircase leading up here.
1439 ||| STAIRDANCE The orc barely misses you.
The goblin hits you with a +0 dagger. The orc completely misses you.
You climb upwards.
There is a stone staircase leading down here.
You shoot an arrow. The arrow barely misses the orc.
The orc barely misses you. The orc hits you with a +0 mace!
The goblin completely misses you.
You shoot an arrow. The arrow closely misses the orc.
The orc barely misses you. The orc hits you with a +0 mace.
The goblin hits you with a +0 dagger.
You shoot an arrow. The arrow hits the orc.
The orc is heavily wounded.
The orc barely misses you. The orc hits you with a +0 mace!
You die...

..........#.#.##.#.######
.......##.#.#.##.#.####
#########.#.#.........#
#.............#
###...........####
#............%.##
#.#..###.#####..#
###########.#..g##.# ##.#
............#..o@o.# #.#
...########.#.###########.####
.............................#
#######.#############.######.#
......#.#¤¤¤........#.#......#
.####.#.#¤####.####.#.#.####.#
.#....#.#¤¤¤¤#.#....#.#....#.##
.#.####.####¤#.#.####.####.#..#
.#.........¤¤#.#...........#..#


You could see 2 orcs and a goblin.

Vanquished Creatures
  3 dart slugs
  A ribbon worm (D:2)
  An orc (D:2)
  4 ball pythons
  4 endoplasms (D:2)
  A giant cockroach (D:1)
  A goblin (D:2)
  5 hobgoblins
  2 jackals (D:1)
  5 kobolds
  5 quokkas
  4 bats
  2 frilled lizards (D:2)
  5 rats
43 creatures vanquished.

Notes
Turn   | Place    | Note
-------+----------+-------------------------------------------
     0 | D:1      | qw the Spriggan Hunter began the quest for the Orb.
     0 | D:1      | Reached XP level 1. HP: 10/10 MP: 2/2
     0 | D:1      | 0 ||| qw: Version: 0.3-a-155-g5e7d8dd
     0 | D:1      | 0 ||| qw: Game counter: 814
     0 | D:1      | 0 ||| qw: Melee chars always use a shield: true
     0 | D:1      | 0 ||| qw: God list: Okawaru
     0 | D:1      | 0 ||| qw: Allow faded altars: false
     0 | D:1      | 0 ||| qw: Do Orc after clearing Dungeon:15 true
     0 | D:1      | 0 ||| qw: Do second Lair branch before Depths: true
     0 | D:1      | 0 ||| qw: Lair rune preference: random
     0 | D:1      | 0 ||| qw: Goals: Normal
     0 | D:1      | 0 ||| PLANNING D:1-11
    10 | D:1      | Reached skill level 3 in Dodging
    62 | D:1      | Found Dokk's Antique Weapon Boutique.
   127 | D:1      | Reached XP level 2. HP: 8/14 MP: 3/3
   591 | D:1      | Reached XP level 3. HP: 18/18 MP: 4/4
   686 | D:1      | 686 ||| READING scroll labelled JAOPNE JIMMU.
   687 | D:1      | 687 ||| READING scroll labelled VIACIUK TEFOLA.
   692 | D:1      | 692 ||| READING scroll labelled FYCERH KECU.
   693 | D:1      | 693 ||| READING scroll labelled GETAIRCHAFIE.
   693 | D:1      | 693 ||| IDENTIFYING red potion
   694 | D:1      | 694 ||| DROPPING scroll of butterflies.
   718 | D:2      | Found a faded altar of an unknown god.
   775 | D:2      | Found Siazxyb's Weapon Emporium.
  1405 | D:2      | 1405 ||| READING scroll labelled JIENKE ZENUSSAIHE.
  1429 | D:3      | 1429 ||| STAIRDANCE
  1439 | D:3      | 1439 ||| STAIRDANCE
  1443 | D:2      | Slain by an orc

Levels and vault maps discovered:
D:1:      amcnicky_arrival_wind_blow, layout_loops_cross, serial_shops,
          nicolae_shop_stone
D:2:      layout_basic, nicolae_ecumenical_pavilion, serial_shops,
          nicolae_shop_getting_attention, roderic_lattice_a
D:3:      layout_loops_ring, yredelemnul_altar_generic,
          grunt_temple_overflow_open, minivault_4, nicolae_goblin_pals

Skill      XL: |  1  2 |
---------------+-------+-----
Dodging        | 3 4 |  4.0
Fighting       | |  1.5
Ranged Weapons | |  4.9
Stealth        | |  1.5

Action                     || total
---------------------------++-------
   Fire: Shortbow          ||   121
    Use: Scroll            ||     5
 Armour: Robe              ||    15
  Dodge: Dodged            ||    42

Table legend:
 A = Non-vault XP
 B = Vault XP
 C = Vault XP percentage of total XP
 D = Non-vault monster count
 E = Vault monster count
 F = Vault count percentage of total count
                 A         B        C        D         E       F
            +---------+---------+-------+---------+---------+-------
      Total |      82 |       0 |   0.0 |      43 |       0 |   0.0
            +---------+---------+-------+---------+---------+-------
        D:1 |      42 |       0 |   0.0 |      23 |       0 |   0.0
        D:2 |      40 |       0 |   0.0 |      20 |       0 |   0.0
            +---------+---------+-------+---------+---------+-------
